[Event "FRA-ch Teams Top 16-A 2022"]
[Site "Chartres"]
[Date "2022.06.12"]
[Round "4.5"]
[White "Demuth, Adrien"]
[Black "Feller, Sebastien"]
[Result "0-1"]
[ECO "D14"]
[WhiteElo "2493"]
[BlackElo "2569"]
[Annotator "TA"]
[PlyCount "52"]
[EventDate "2022.06.09"]
[EventType "team-tourn"]
[EventCountry "FRA"]
[SourceTitle "playchess.com"]
[Source "ChessBase"]
[SourceQuality "1"]
[TimeControl "40/5400+30:1800+30"]

1. d4 d5 2. c4 c6 3. cxd5 cxd5 4. Bf4 Nc6 5. e3 Nf6 6. Nc3 Bf5 7. Nf3 e6 8. Qb3 Bb4 9. Ne5 {[%emt 0:01:10] And now Nxc6 would win. Nowadays more popular than 9.Bb5. D14: Slav Defence: Exchange variation with ...Bf5.} Bxc3+ 10. Qxc3 Nxe5 11. Bxe5 {[%emt 0:00:23] The position is equal.} O-O 12. Qb4 Rc8 13. Be2 Rc2 14. Bd1 Rc4 15. Qa3 Qb6 {[%emt 0:04:42] [#]} (15... a6 $11) 16. Bd6 $146 ({Predecessor:} 16. O-O Rfc8 17. Bb3 R4c6 18. Ba4 Rc4 19. Bb3 {½-½ (19) Martinovic,S (2513)-Erdos,V (2608) Sibenik 2011}) 16... Rfc8 17. Bc5 {[%emt 0:00:10] A strong pair of Bishops.} Qc6 18. b3 (18. O-O $1 $14) 18... Rc3 $11 19. O-O (19. Qb2 $5 Ne4 20. O-O $11) 19... Bd3 ({Don't do} 19... Rxc5 20. Qxc5 Qxc5 21. dxc5 $16) 20. Re1 Ne4 $36 {[%emt 0:00:06][%cal Re4c5][%mdl 2048] Black fights for an advantage.} ({Don't play} 20... Rxc5 21. Qxc5 Qxc5 22. dxc5 $16) 21. Bb4 Rc1 22. Bf3 Rc2 23. Bxe4 Bxe4 24. f3 $2 {[%emt 0:00:12][%mdl 8192] [#]} (24. Bd6 $15) 24... Bxf3 $1 {[%emt 0:05:16][%mdl 512] Black mates.} 25. gxf3 {[%emt 0:00:23] [#]} e5 $1 ({Not} 25... Qc7 26. Bd6 Qc3 27. Rad1 $16) 26. Bd6 Qd7 {[%emt 0:00:01] Weighted Error Value: White=0.38/Black=0.07 (flawless)} 0-1

[Event "FRA-ch Teams Top 16-A 2022"]
[Site "Chartres"]
[Date "2022.06.12"]
[Round "4.6"]
[White "Lazarev, Vladimir"]
[Black "Milliet, Sophie"]
[Result "1/2-1/2"]
[ECO "E36"]
[WhiteElo "2491"]
[BlackElo "2410"]
[Annotator "TA"]
[PlyCount "39"]
[EventDate "2022.06.09"]
[EventType "team-tourn"]
[EventCountry "FRA"]
[SourceTitle "playchess.com"]
[Source "ChessBase"]
[SourceQuality "1"]
[TimeControl "40/5400+30:1800+30"]

1. d4 Nf6 2. c4 e6 3. Nc3 Bb4 4. Qc2 O-O 5. a3 Bxc3+ 6. Qxc3 d5 $1 {[%emt 0:00:07][%mdl 4] now scores much better than the old 6...b6.} 7. Nf3 b6 {[%emt 0:00:06] E36: Nimzo-Indian: Classical: 4...d5 5 a3.} 8. Bg5 dxc4 9. Qxc4 c5 10. dxc5 bxc5 {[%emt 0:00:04] [#]} 11. Rd1 $146 ({Predecessor:} 11. Nd2 Ba6 12. Qc2 h6 13. Bh4 Nbd7 14. e3 Bxf1 15. Rxf1 c4 16. Ke2 Qb8 17. Bg3 {1-0 (39) Shankland,S (2708)-Grischuk,A (2764) Belgrade 2022}) 11... Qa5+ 12. Bd2 Qb6 13. b4 cxb4 14. Bxb4 Rd8 15. Rxd8+ {[%emt 0:00:00] The position is equal.} Qxd8 16. e3 Bb7 {[%emt 0:11:53] Hoping for ...Nbd7.} 17. Be2 Bd5 18. Qc2 Nc6 19. O-O Nxb4 20. axb4 {[%emt 0:00:00] A balanced but interesting game.  Weighted Error Value: White=0.04 (flawless) /Black=0.05 (flawless)} 1/2-1/2

[Event "FRA-ch Teams Top 16-A 2022"]
[Site "Chartres"]
[Date "2022.06.12"]
[Round "4.7"]
[White "Loiseau, Quentin"]
[Black "Koch, Jean-Rene"]
[Result "1-0"]
[ECO "C42"]
[WhiteElo "2445"]
[BlackElo "2441"]
[Annotator "TA"]
[PlyCount "89"]
[EventDate "2022.06.09"]
[EventType "team-tourn"]
[EventCountry "FRA"]
[SourceTitle "playchess.com"]
[Source "ChessBase"]
[SourceQuality "1"]
[TimeControl "40/5400+30:1800+30"]

1. e4 e5 2. Nf3 Nf6 3. Nxe5 d6 4. Nf3 Nxe4 5. d4 d5 6. Bd3 Nc6 7. O-O Be7 8. c4 Nb4 9. Be2 O-O 10. Nc3 Bf5 11. a3 Nxc3 12. bxc3 Nc6 $1 13. Bf4 {[%emt 0:01:54] C42: Petroff Defence: 3 Nxe5 and unusual White 3rd moves.} dxc4 14. Bxc4 Bd6 15. Bg5 {[%emt 0:01:06] The position is equal.} Qd7 16. Nh4 Na5 17. Ba2 {[%emt 0:01:32][%cal Bc4a2,Ba2b1,Bb1c2,Bc2a4][%mdl 32] [#]} c5 $146 ({Predecessor:} 17... Bg4 18. Qd3 Rfe8 19. f3 Be6 20. d5 Bc5+ 21. Kh1 Bxd5 22. Rad1 c6 23. c4 h6 24. Bc1 Qd8 25. cxd5 Qxh4 26. d6 Rad8 27. Qf5 Bxd6 {1-0 (27) Gavrilakis,N (2395)-Orfanos,L (2160) Athens 1994}) 18. dxc5 Bxc5 19. Nxf5 Qxf5 20. Bh4 Nc6 21. Bb1 Qe5 22. Qf3 Rae8 23. Bg3 Qe7 24. Bc2 Bxa3 25. Bf4 f5 26. h4 {[%emt 0:07:23][%mdl 1024] White has compensation.} Kh8 27. Rfd1 Bc5 28. Rd5 Qe2 29. Ba4 Qxf3 30. gxf3 Bb6 31. Rd7 Re2 32. Rxb7 Na5 (32... Bxf2+ $2 33. Kf1 Re7 34. Rxe7 Nxe7 35. Kxf2 $18) 33. Rd7 (33. Bb5 $15 Rb2 34. Rxa5 Bxa5 35. Be5) 33... Rxf2 $17 34. Kh1 {[%emt 0:00:09] [#] aiming for Rg1.} Nc4 (34... Rxf3 $17 35. Be5 Rg8) 35. Rg1 $40 {[%emt 0:01:05][%mdl 128] White attacks.} g6 {[%emt 0:00:51][%mdl 8192] This costs Black the game.} (35... Rg8 $11 {and Black stays safe.} 36. Bc6 Rc2) 36. Bh6 $18 {[%emt 0:00:38] Intending Bb3 and mate. A strong pair of Bishops.} Rd8 (36... Rd2 $142 37. Bxf8 Bxg1 38. Kxg1 Kg8) 37. Rxd8+ Bxd8 38. Re1 Nd6 {[%emt 0:00:18] Inhibits Re8+.} 39. Re6 Bxh4 40. Rxd6 {[%emt 0:00:08] Bb3 would kill now.} Rxf3 41. Re6 (41. Rd7 $142 Rf1+ 42. Kg2 Rb1 43. Bc6 Bf6 44. Rf7 Rb2+ 45. Kh3 Bg7 46. Rxg7) 41... Rf1+ 42. Kg2 Re1 43. Rc6 Re8 44. Rc4 (44. Kh3 $142 Be1 45. Rc7 Rb8 {[#]} 46. Bb3 $1 Bxc3 47. Rxc3 Rxb3 48. Rxb3 Kg8 49. Rb7) 44... Re2+ 45. Kh3 {[%emt 0:00:56] Weighted Error Value: White=0.14 (very precise) /Black=0.97} 1-0

[Event "FRA-ch Teams Top 16-A 2022"]
[Site "Chartres"]
[Date "2022.06.12"]
[Round "4.8"]
[White "Schippke, Manon"]
[Black "Barbot, Pierre"]
[Result "1-0"]
[ECO "B30"]
[WhiteElo "2072"]
[BlackElo "2450"]
[Annotator "TA"]
[PlyCount "111"]
[EventDate "2022.06.09"]
[EventType "team-tourn"]
[EventCountry "FRA"]
[SourceTitle "playchess.com"]
[Source "ChessBase"]
[SourceQuality "1"]
[TimeControl "40/5400+30:1800+30"]

1. e4 c5 2. Nf3 Nc6 3. Bb5 Nf6 4. Nc3 Qc7 5. O-O Nd4 6. Re1 {[%emt 0:12:22] B30: Sicilian: 2...Nc6 3 Bb5, lines without ...g6.} Ng4 7. e5 Nxf3+ $1 8. Qxf3 {[%emt 0:00:17] White has an edge.} (8. gxf3 Nxe5 9. Ba4 Nc6 $15) 8... Nxe5 9. Qg3 {[%emt 0:04:06] [#] Black must now prevent d4.} f6 {[%emt 0:00:21] [#]} 10. f4 $146 (10. Be2 $11) ({Predecessor:} 10. b4 cxb4 11. Nd5 Qc5 12. Rxe5 fxe5 13. Qxe5 e6 14. Qxe6+ Be7 15. Bb2 Rf8 16. Bxg7 Qxf2+ {1-0 (30) Jones,G (2670)-Martirosyan,H (2617) Chess.com INT 2020}) 10... Nc6 $15 11. b3 b6 (11... Nb4 $5 12. Bd3 Nxd3 13. cxd3 (13. Nd5 Qc6 $17) 13... b6 $15) 12. Bd3 Bb7 13. Nb5 Qb8 14. Bxh7 a6 15. Bg6+ Kd8 16. Nc3 e6 {[%emt 0:00:45] Hoping for ...f5.} 17. Bb2 Bd6 18. Rf1 Nd4 ({Black should play} 18... Kc7 $15) 19. Rae1 $1 $11 Kc7 20. Ne4 Be7 21. Bxd4 ({Better is} 21. f5+ $11 Kd8 22. fxe6) 21... cxd4 $15 22. c3 f5 (22... dxc3 $15 23. Rc1 (23. Qxc3+ Bc6 $15) 23... Bc6) 23. Ng5 $11 Qf8 (23... Bxg5 $11 {keeps the balance.} 24. fxg5+ Kd8) 24. Rxe6 $1 $16 {[%emt 0:01:48] White is more active. White leaves nothing to chance now.} (24. cxd4 $6 Qf6 $11) 24... Rh6 (24... Bf6 $16 {was necessary.}) 25. cxd4 $18 Bf6 $2 (25... Rd8) 26. Rc1+ Kd8 27. Re8+ ({Weaker is} 27. Qc3 Rc8 28. Rxf6 Qxf6 29. Nf7+ Ke8 30. Re1+ (30. Nxh6+ $2 Qxg6 31. Qe3+ Kd8 $19) (30. Qe3+ Kf8 $11) 30... Kf8 31. Qb4+ (31. Nxh6 Qxg6 32. Qb4+ d6 $15) 31... Kg8 32. Nxh6+ gxh6 $14) 27... Qxe8 28. Bxe8 Kxe8 29. Qe3+ Kf8 30. Re1 Bd5 31. Nf3 Bxf3 32. Qxf3 ({Less strong is} 32. gxf3 Rh4 33. Kh1 Kf7 $18) 32... Bxd4+ 33. Kf1 Rd8 34. Qd5 Bf6 35. h3 g6 36. Qd6+ Kf7 37. Qxb6 Rh4 38. Qxa6 Rxf4+ 39. Kg1 Bd4+ 40. Kh1 Bf2 41. Qd6 {[%emt 0:31:04] Re7+ would kill now.} Bxe1 42. Qxf4 {[%emt 0:00:03][%mdl 4096] Endgame KQ-KRB} Re8 43. g4 Re4 44. Qd6 f4 45. Qxd7+ Re7 46. Qd5+ Kf8 47. Kg2 Bg3 48. Kf3 Re1 49. Qd3 Kg7 50. a4 Rh1 51. a5 {[%emt 0:00:40] White threatens g5 and mate.} Rxh3 52. Qd7+ {[%emt 0:00:03] White mates.} Kf8 53. g5 Rh1 54. a6 Rf1+ 55. Ke2 Re1+ {[%emt 0:00:07] [#]} 56. Kd3 $1 {[%emt 0:00:04] Weighted Error Value: White=0.24 (precise) /Black=0.34} 1-0

[Event "FRA-ch Teams Top 16-A 2022"]
[Site "Chartres"]
[Date "2022.06.12"]
[Round "4.9"]
[White "Alonso Rosell, Alvar"]
[Black "Jones, Gawain C B"]
[Result "1-0"]
[ECO "E71"]
[WhiteElo "2557"]
[BlackElo "2669"]
[Annotator "TA"]
[PlyCount "79"]
[EventDate "2022.06.09"]
[EventType "team-tourn"]
[EventCountry "FRA"]
[SourceTitle "playchess.com"]
[Source "ChessBase"]
[SourceQuality "1"]
[TimeControl "40/5400+30:1800+30"]

1. d4 Nf6 2. c4 g6 3. Nc3 Bg7 4. e4 d6 5. h3 O-O 6. Be3 e5 7. d5 Na6 8. Be2 {[%emt 0:00:07] [#] E71: King's Indian: 4 e4 d6 5 h3.} Ne8 $146 ({Predecessor:} 8... Nc5 9. Qc2 a5 10. g4 c6 11. Nf3 cxd5 12. cxd5 Re8 13. Nd2 b6 14. a3 Re7 {1-0 (52) Sarana,A (2685)-Ganerdene,S (2419) Chess.com INT 2022}) 9. Nf3 f5 10. g4 (10. a3 $14) 10... Nf6 (10... f4 $5 11. Bd2 Nf6 $11) 11. gxf5 gxf5 12. exf5 Bxf5 13. Nh4 Bd7 14. Rg1 Kh8 15. Qc2 {[%emt 0:05:37] Threatening 0-0-0.} Nb4 16. Qb3 Nfxd5 17. Ng6+ hxg6 18. cxd5 a5 19. a3 Na6 20. Rxg6 {[%emt 0:01:06] aiming for Qc4.} (20. Qxb7 Nc5 21. Bxc5 dxc5 $17) 20... Qh4 21. O-O-O {[%emt 0:01:15] Threatens to win with Rdg1.} ({Not} 21. Qxb7 $2 Rfb8 22. Qxa8 Rxa8 $17) 21... Nc5 $1 22. Qc4 {[%emt 0:02:30] Really sharp!} ({Much worse is} 22. Bxc5 dxc5 23. Bg4 Be8 $17) 22... Qxc4 (22... Qxh3 $2 23. Rdg1 b5 24. Nxb5 $18) 23. Bxc4 {[%emt 0:00:03] Hoping for Bxc5.} Be8 24. Rg3 Bh5 25. Rdg1 Rf7 {[%emt 0:00:19][%mdl 8192] Black cannot hold the game after this.} (25... Bf6 $14) 26. Bxc5 $18 dxc5 27. d6 $1 Bh6+ 28. Kb1 Rd7 {[%emt 0:03:38] [#]} 29. Ne4 {[%emt 0:00:39] Rg8+ would kill now.} Rg7 {[%emt 0:03:15] Inhibits Rg8+.} (29... Rxd6 30. Nxd6 cxd6 31. Rg8+ Rxg8 32. Rxg8+ Kh7) 30. dxc7 {[%emt 0:00:31] White is clearly winning.} Rc8 31. Nf6 Bf3 32. Rxg7 Bxg7 {[%emt 0:00:02] [#]} 33. Rxg7 Kxg7 {[%emt 0:00:12][%mdl 4096] Endgame KRB-KBN} 34. Be6 Rh8 35. Ng4 Bg2 36. Ne3 Be4+ 37. Kc1 b5 38. c8=Q Rxc8 39. Bxc8 Bc6 40. Ng4 {[%emt 0:00:35] Weighted Error Value: White=0.03 (flawless) /Black=0.37} 1-0

[Event "FRA-ch Teams Top 16-A 2022"]
[Site "Chartres"]
[Date "2022.06.12"]
[Round "4.10"]
[White "Grandelius, Nils"]
[Black "Relange, Eloi"]
[Result "1-0"]
[ECO "C41"]
[WhiteElo "2635"]
[BlackElo "2456"]
[Annotator "TA"]
[PlyCount "125"]
[EventDate "2022.06.09"]
[EventType "team-tourn"]
[EventCountry "FRA"]
[SourceTitle "playchess.com"]
[Source "ChessBase"]
[SourceQuality "1"]
[TimeControl "40/5400+30:1800+30"]

1. e4 d6 2. d4 Nf6 3. Nc3 e5 4. Nf3 Nbd7 5. Rg1 g6 6. Be3 {[%emt 0:02:35] C41: Philidor Defence.} Bg7 7. dxe5 dxe5 8. g4 {[%emt 0:00:16][%cal Bg2g4,Bg4g5][%mdl 32] White is slightly better.} O-O 9. Qd2 c6 10. O-O-O Qe7 11. g5 Nh5 {[%emt 0:00:58] [#]} 12. Qd6 $146 ({Predecessor:} 12. Bh3 Nc5 13. Bxc8 Rfxc8 14. Qd6 Qxd6 15. Rxd6 Ne6 16. Rd7 Rcb8 17. Rgd1 Nhf4 18. Re7 Bf8 19. Red7 Bg7 20. Re7 Bf8 {½-½ (20) Marzano,C (2201)-Kireev,A (2396) Olomouc 2005}) 12... Qxd6 13. Rxd6 Nf4 14. h4 Re8 15. Rd1 Nb6 16. Nd2 Bf8 17. Nb3 Ne6 18. a3 Nd7 19. Na5 Nd4 20. Ne2 c5 21. Nc3 {[%emt 0:07:26] Black must now prevent Nd5.} b6 22. Nb3 Bb7 23. Nd2 a6 24. Nd5 {[%emt 0:02:41] Strongly threatening Nc7.} Bxd5 25. exd5 e4 26. Re1 (26. h5 {keeps more tension.} Kg7 27. Bh3 Rad8 28. Kb1) 26... f5 (26... Nf5 $14) 27. gxf6 $1 $16 Nxf6 28. Bg5 $1 Bg7 29. Bg2 Nf5 (29... Kf7 $16 30. c3 (30. Bxe4 Nxe4 31. Nxe4 Kg8 $16) 30... Nf5 31. Nxe4 (31. Bxe4 Nxe4 32. Rxe4 h6 $16) 31... Nxe4) 30. Nxe4 $18 (30. Bxe4 $6 Nxe4 31. Rxe4 (31. Nxe4 h6 $14) 31... Bd4 $16) 30... Nxe4 31. Bxe4 {[%emt 0:01:59] A strong pair of Bishops.} Nd6 32. Bg2 Bd4 33. Re6 Bxf2 34. Rf1 (34. Rxd6 Bxg1 35. Rxb6 Be3+ 36. Bxe3 Rxe3 $11) 34... Bg3 35. h5 Rxe6 (35... gxh5 {might work better.} 36. Be7 Ra7 37. Bxd6 Rxe6 38. Rf8+ (38. Bxg3 Rg6 $16) 38... Kg7 39. Bxg3 Rg6) 36. dxe6 Rf8 37. Rd1 Rf5 38. Be7 Nc4 39. Rd7 $2 (39. Rd8+ $18 {has better winning chances.} Kg7 40. h6+ Kxh6 41. Bf8+ Kg5 42. e7) 39... Re5 $16 40. Kb1 $1 {[%emt 0:00:52] Intending Bf6 and mate.} Ne3 41. Bh3 Nf5 42. Bg5 {[%emt 0:09:29] White is more active.} (42. Rd8+ $1 $16 Kg7 43. Bg5 (43. Bf8+ Kf6 $11) 43... Rxe6 44. h6+ Kf7 45. Rh8) 42... Rxe6 $14 43. h6 Re1+ (43... Re2 $11) 44. Ka2 $16 Bh4 (44... Re8 $16) 45. Bxh4 $18 Nxh4 {[%emt 0:00:08][%mdl 4096] Endgame KRB-KRN} 46. Rg7+ $1 {[%emt 0:00:01][%mdl 64] Deflection} Kf8 {[%emt 0:06:30] Threatens to win with ...Re7.} ({Weaker is} 46... Kh8 47. Rb7 Kg8 48. Rxb6) 47. Rxh7 {[%emt 0:00:02] And now Rh8+ would win.} Nf5 48. Rb7 Nxh6 49. Rxb6 Kg7 50. Rxa6 g5 51. Ra4 {[%emt 0:02:50] Prevents g4.} Kf6 {[%emt 0:01:18] [#]} 52. Rc4 $1 Re5 {[%emt 0:00:58] [#]} 53. b4 (53. a4 $1 $18) 53... cxb4 $16 54. axb4 {[%emt 0:00:02] aiming for Rc6+.} Ke7 (54... Nf5 $16) 55. Rc7+ $18 Kd6 $2 (55... Ke8 {was necessary.} 56. Rh7 Ng8) 56. Rd7+ Kc6 57. Rh7 Ng8 58. Bg2+ Kb6 $2 (58... Kd6 {is a better defense.} 59. Kb3 Re3+ 60. c3 Rg3) 59. Rb7+ Ka6 60. Kb3 {[%emt 0:00:24] Threatening mate with Ka4.} Ne7 $2 (60... Re7 61. Rb8 Nf6) 61. Ka4 {[%emt 0:00:53] White wants to mate with b5+. White is clearly winning.} Nd5 62. Bxd5 Rxd5 63. Rg7 {[%emt 0:00:06] Weighted Error Value: White=0.17 (very precise) /Black=0.25 (precise)} 1-0

[Event "FRA-ch Teams Top 16-A 2022"]
[Site "Chartres"]
[Date "2022.06.12"]
[Round "4.11"]
[White "Iglesias, Yosha"]
[Black "Edouard, Romain"]
[Result "0-1"]
[ECO "A37"]
[WhiteElo "2202"]
[BlackElo "2575"]
[Annotator "TA"]
[PlyCount "80"]
[EventDate "2022.06.09"]
[EventType "team-tourn"]
[EventCountry "FRA"]
[SourceTitle "playchess.com"]
[Source "ChessBase"]
[SourceQuality "1"]
[TimeControl "40/5400+30:1800+30"]

1. Nf3 c5 2. g3 Nc6 3. Bg2 e5 4. c4 g6 5. Nc3 Bg7 6. a3 Nge7 7. d3 d6 8. O-O O-O {[%emt 0:00:04] A37: Symmetrical English vs ...g6: 4 Bg2 Bg7 5 Nf3.} 9. Bg5 f6 10. Be3 Be6 {[%emt 0:03:03] The position is equal.} 11. Ne1 Qd7 12. Nc2 Bh3 13. b4 Bxg2 14. Kxg2 b6 {[%emt 0:00:03] [#]} 15. f3 $146 ({Predecessor:} 15. bxc5 bxc5 16. Rb1 Rab8 17. Qd2 Rxb1 18. Rxb1 Rb8 19. Qc1 Qd8 20. Bd2 a6 21. e4 Kf7 22. Ne3 Bh6 23. Rb2 {½-½ (23) El Debs,F (2502)-Di Berardino,D (2491) Americana 2010}) 15... h5 16. Bf2 f5 17. Ne3 e4 $1 18. Rc1 f4 19. Ned5 e3 ({Black should play} 19... Bxc3 $15 20. Nxc3 exf3+ 21. exf3 cxb4 22. axb4 Nxb4) 20. b5 (20. Be1 $11) 20... Nxd5 $17 {[%emt 0:02:24] Dancing on a razor blade.} ({Don't play} 20... exf2 21. bxc6 Nxc6 22. Nxf4 $14) (20... Nd4 $6 21. Be1 $11) 21. Nxd5 Ne7 22. Nxe7+ Qxe7 23. Be1 a6 {[%emt 0:00:23] Black is much more active.} (23... g5 $17) 24. gxf4 axb5 25. Qb3 bxc4 26. Rxc4 {[%emt 0:04:30] Black converts the advantage convincingly.} (26. dxc4 $142 Rxf4 27. Kh1) 26... d5 $36 {[%emt 0:00:47][%mdl 2048] Keeping White busy.} 27. Re4 (27. Rc1 $17 Qd8 28. Rb1) 27... c4 $1 $19 {[%emt 0:05:07] White must now prevent ...Qxe4.} 28. Rxe7 cxb3 29. Bb4 Rfc8 ({And not} 29... Rxf4 30. Bd6 Rf5 31. Rb1 $17) 30. Rb1 Rc2 31. Rxb3 Rxe2+ 32. Kg3 {[%emt 0:00:23][%cal Od3d4] [#]} Rc8 $1 33. f5 gxf5 (33... Bf6 $19 {and Black stays clearly on top.} 34. Re6 Kf7) 34. Bd6 $2 (34. Rb1 $17 {is a better chance.}) 34... Rc6 35. Be5 Bf8 (35... Bh6 $142 {[%cal Of5f4] Strongly threatening ...f4+!} 36. Rc3 Rxc3 37. Bxc3 {[#]} Rd2 $1 ) 36. Rd7 (36. Rb7 {was necessary.}) 36... Rf2 37. d4 $2 (37. Rb1 Rg6+ 38. Kf4) 37... Bh6 {[%emt 0:03:14][%cal Of5f4] ( -> ...f4+!)} 38. f4 Rg6+ {[%emt 0:00:07] Black mates.} 39. Kh3 Rf3+ 40. Kh4 Rg4+ {[%emt 0:00:02] Weighted Error Value: White=1.05/Black=0.29 (precise)} 0-1

[Event "FRA-ch Teams Top 16-A 2022"]
[Site "Chartres"]
[Date "2022.06.12"]
[Round "4.12"]
[White "David, Alberto"]
[Black "Solakian-Van Eyll, Jerome"]
[Result "1-0"]
[ECO "A09"]
[WhiteElo "2520"]
[BlackElo "2248"]
[Annotator "TA"]
[PlyCount "105"]
[EventDate "2022.06.09"]
[EventType "team-tourn"]
[EventCountry "FRA"]
[SourceTitle "playchess.com"]
[Source "ChessBase"]
[SourceQuality "1"]
[TimeControl "40/5400+30:1800+30"]

1. Nf3 d5 2. g3 Nd7 3. c4 dxc4 4. Qa4 a6 5. Qxc4 b5 6. Qc2 {[%emt 0:07:42] A09: Réti Opening: 1 Nf3 d5 2 c4.} c5 7. Bg2 {[%emt 0:00:50][%cal Of3d4] next Nd4! is good for White.} Bb7 8. O-O {[%emt 0:00:17] The position is equal.} Ngf6 9. b3 {[%emt 0:08:18] [#]} g6 $146 ({Predecessor:} 9... e6 10. Bb2 Be7 11. d3 O-O 12. Nbd2 Rc8 13. Rac1 Nd5 14. Qb1 Bf6 15. a3 Bxb2 16. Qxb2 Qf6 17. Qxf6 gxf6 18. Rc2 N5b6 19. Rfc1 f5 20. Ne5 Bxg2 21. Nxd7 Nxd7 22. Kxg2 {½-½ (36) Bischoff,K (2505)-Greenfeld,A (2535) Ljubljana/Portoroz 1989}) 10. Bb2 Bg7 11. d3 O-O 12. Nbd2 Qb6 13. Rac1 Rfd8 14. a3 Rac8 15. Qb1 Nf8 16. Bh3 Ne6 17. b4 cxb4 18. axb4 Bh6 19. Rxc8 Rxc8 (19... Bxc8 $11 20. e4 Bxd2 21. Nxd2 Nd4 22. Bxc8 Rxc8) 20. e4 $14 Rd8 (20... Nd7 $14) 21. Nb3 $1 $16 Bc8 22. d4 Ng5 23. Nxg5 {[%emt 0:00:11] Threatens to win with Bxc8.} Bxg5 24. Bg2 Ne8 25. d5 Nd6 26. Bd4 Qc7 27. f4 Bh6 28. Rc1 Nc4 29. Na5 e6 30. Nxc4 bxc4 31. Qa2 $36 {[%emt 0:00:03][%mdl 2048] White is in control. White is more active.} exd5 32. exd5 Bg7 33. Bxg7 Kxg7 34. Qxc4 Qb6+ 35. Qc5 Qf6 36. Qe3 Bb7 {[%emt 0:00:49] Against Rc6} (36... Bd7 $16 {was worth a try.}) 37. Qe5 $1 $18 Rd7 38. Rc5 h6 39. h4 g5 40. hxg5 hxg5 41. Kf2 (41. Qxg5+ $6 Qxg5 42. fxg5 Kg6 $16) 41... gxf4 42. gxf4 Rd6 43. Rc3 $2 (43. Rc4 $18) 43... Kf8 $2 (43... Bxd5 $11 44. Rd3 (44. Rg3+ Kf8 $16) 44... Re6 45. Rg3+ (45. Qxd5 Qxf4+ 46. Rf3 Qxb4 $16) 45... Kf8 46. Qxd5 (46. Qxf6 Rxf6 47. Bxd5 Rxf4+ 48. Ke2 Rxb4 $16) 46... Qxf4+ 47. Bf3 Qxb4 48. Qd8+ Re8) 44. Qxf6 ({Weaker is} 44. Rc7 Bxd5 45. Qxf6 (45. Bxd5 Qxe5 46. Rxf7+ Ke8 $11) 45... Rxf6 $16) 44... Rxf6 {[%emt 0:00:01][%mdl 4096] Endgame KRB-KRB} 45. d6 $1 Rxf4+ (45... Bxg2 $142 46. Rc8+ (46. Kxg2 Rxd6 47. Ra3 Rb6 $11) 46... Kg7) 46. Kg3 Rxb4 47. d7 Ke7 48. Bh3 $1 Rd4 49. Re3+ Re4 50. Rd3 Kd8 {[%emt 0:00:17] [#]} 51. Rc3 $2 ({White has to play} 51. Rb3 $1 $18 f5 52. Rxb7 Re3+ 53. Kh4) 51... Ke7 $2 {[%emt 0:00:28][%mdl 8192] [#]} (51... Rd4 $2 52. Rc8+ Ke7 53. Re8+ Kf6 54. d8=Q+ $18) (51... Re6 $11) 52. Rc8 $1 Re3+ 53. Kf2 {[%emt 0:00:30] Weighted Error Value: White=0.25 (precise) /Black=0.14 (very precise)} 1-0

[Event "FRA-ch Teams Top 16-A 2022"]
[Site "Chartres"]
[Date "2022.06.12"]
[Round "4.13"]
[White "Baillon, Olivier"]
[Black "Guilleux, Fabien"]
[Result "0-1"]
[ECO "A30"]
[WhiteElo "2197"]
[BlackElo "2382"]
[Annotator "TA"]
[PlyCount "66"]
[EventDate "2022.06.09"]
[EventType "team-tourn"]
[EventCountry "FRA"]
[SourceTitle "playchess.com"]
[Source "ChessBase"]
[SourceQuality "1"]
[TimeControl "40/5400+30:1800+30"]

1. Nf3 c5 2. c4 Nf6 3. b3 d5 4. cxd5 Nxd5 5. Bb2 Nc6 6. Nc3 {[%emt 0:02:52] A30: Symmetrical English: Double Fianchetto and Hedgehog.} Nxc3 7. Bxc3 {[%emt 0:02:43] [#]} Qc7 $146 ({Predecessor:} 7... f6 8. e3 e5 9. Qc2 Be6 10. Bd3 g6 11. Be4 Rc8 12. Rd1 Bd6 13. O-O Qc7 {½-½ (34) Xiong,J (2685)-Caruana,F (2781) Saint Louis 2022}) 8. g3 {[%emt 0:08:33] The position is equal.} e5 9. d3 Be7 10. Bg2 O-O 11. O-O Bg4 12. Qc2 Rac8 13. e3 Rfd8 14. Rfe1 f6 15. Nd2 Qd7 16. Bf1 Bh3 {[%emt 0:06:02] Black is more active.} 17. Be2 {[%emt 0:07:57] [#]} (17. Bxh3 $17 Qxh3 18. Nc4) 17... Nd4 $1 $19 ({Worse is} 17... Qd5 18. Bf3 Qxd3 19. Qxd3 Rxd3 20. Rac1 $17) 18. Bxd4 (18. Qd1 {keeps fighting.} Nxe2+ 19. Qxe2) 18... cxd4 ({Inferior is} 18... exd4 19. Bf3 $15) 19. Qb2 dxe3 20. fxe3 Bc5 (20... Bb4 $142 21. Rac1 Qd5) 21. Kf2 $2 (21. Bf1 {nothing else works.}) 21... Qf5+ 22. Nf3 e4 23. dxe4 Qxe4 24. Bc4+ Kh8 25. Qe2 Re8 {[%emt 0:02:26][%cal Ob7b5] aiming for ...b5!} 26. Qd3 (26. Rad1 {was called for.}) 26... Qe7 27. Nd4 a6 (27... Rcd8 $19 {[%cal Ob7b5] ...b5! is the strong threat.} 28. Bb5 Rf8) 28. Bd5 $17 Bb4 $36 {[%emt 0:03:47][%mdl 2048] And now ...Rc3 would win. Keeping White busy.} 29. Rec1 {[%emt 0:00:32] Inhibits Rc3.} Rcd8 30. e4 (30. Bg2 $17 Bg4 31. Bf3 Bxf3 32. Kxf3) 30... Bc5 $19 31. Qc4 Ba7 {[%emt 0:00:32] This bishop pair is nice.} 32. Rd1 b5 33. Qd3 {[%emt 0:00:37] [#]} Rxd5 $1 {[%emt 0:00:39][%mdl 512] Weighted Error Value: White=0.82/Black=0.25 (precise)} 0-1